[Event "Titled Tuesday Blitz December 14 2021"]
[White "Rakhmanov, Aleksandr"]
[Black "Vidit, Santosh Gujrathi"]
[WhiteFideId "4173708"]
[BlackFideId "5029465"]
[WhiteElo "2500"]
[BlackElo "2628"]
[Result "0-1"]
[Round "07"]
[TimeControl "180+1"]
[Date "2021.12.14"]
[WhiteClock "0:00:01"]
[BlackClock "0:00:03"]

1. d4 Nf6 2. c4 e6 3. Nc3 Bb4 4. e3 O-O 5. Nf3 b6 6. Bd2 Bb7 7. Bd3 d5 8. cxd5 exd5 9. Rc1 Re8 10. O-O Bf8 11. Ne5 c5 12. f4 Nc6 13. Ne2 Rc8 14. Bc3 c4 15. Bf5 Rc7 16. Ng3 b5 17. a3 a5 18. Be1 b4 19. axb4 axb4 20. Bb1 g6 21. Nh1 Bc8 22. Bh4 Be7 23. Ng3 Nd7 24. Bxe7 Qxe7 25. Qf3 Nb6 26. h3 f6 27. Nxc6 Rxc6 28. e4 dxe4 29. Bxe4 Rd6 30. f5 g5 31. Rfe1 Qd8 32. Bc6 Bd7 33. d5 Bxc6 34. dxc6 Rd3 35. Qf2 Rxe1+ 36. Rxe1 c3 37. bxc3 Rxc3 38. Re6 Nd5 39. Qe1 Kf7 40. Ne4 Rc2 41. Qd1 Rxg2+ 42. Kh1 Ra2 43. Nd6+ Kg7 44. Qxd5 Ra1+ 45. Kg2 Qa8 46. Ne8+ Kh8 47. Rxf6 Ra2+ 48. Kg3 Ra3+ 49. Kg4 Qxe8 50. Re6 Qb8 51. Qd4+ Kg8 52. Kh5 Rg3 53. c7 Rxh3+ 54. Kxg5 Rg3+ 55. Kh5 Qxc7 56. Qd5 Qf7+ 57. Rg6+ hxg6+ 0-1


[Site "https://www.chess.com"]

[Event "Titled Tuesday Blitz December 14 2021"]
[White "Rustemov, Alexander"]
[Black "Mohammad Fahad, Rahman"]
[WhiteFideId "4119002"]
[BlackFideId "10207791"]
[WhiteElo "2860"]
[BlackElo "2323"]
[Result "1-0"]
[Round "07"]
[TimeControl "180+1"]
[Date "2021.12.14"]
[WhiteClock "0:00:12"]
[BlackClock "0:00:02"]

1. d4 d5 2. c4 c6 3. Nc3 Nf6 4. e3 e6 5. Nf3 Nbd7 6. Qc2 Bd6 7. Bd2 O-O 8. O-O-O a5 9. e4 dxe4 10. Nxe4 Nxe4 11. Qxe4 Nf6 12. Qh4 Be7 13. Bd3 a4 14. Bg5 g6 15. a3 b5 16. c5 b4 17. axb4 a3 18. Ne5 a2 19. Kc2 Bb7 20. Bc4 Re8 21. Ra1 Ra4 22. Rxa2 Rxb4 23. Ra7 Nd7 24. Bxe7 Rxe7 25. Kc3 Nxe5 26. dxe5 Rxc4+ 27. Qxc4 Qb8 28. Raa1 Qxe5+ 29. Qd4 Qf5 30. Qd8+ Kg7 31. Qxe7 Qe5+ 32. Kb3 Qd5+ 33. Ka3 Qd3+ 34. b3 Qa6+ 35. Kb4 Qb5+ 36. Kc3 Ba6 37. Qd6 Qe2 38. Qd4+ e5 39. Qe3 Qb5 40. Qxe5+ f6 41. Qe7+ Kh6 42. Rhd1 Bc8 43. Qe3+ g5 44. Ra7 Bf5 45. Rd6 Kg6 46. Qd4 Kh5 47. Rxf6 Bg6 48. g4+ Kh4 49. Rxh7+ Bxh7 50. Rh6# 1-0


[Site "https://www.chess.com"]

[Event "Titled Tuesday Blitz December 14 2021"]
[White "Samadov, Read"]
[Black "Vantika, Agrawal"]
[WhiteFideId "13417444"]
[BlackFideId "25050389"]
[WhiteElo "2084"]
[BlackElo "1917"]
[Result "1/2-1/2"]
[Round "07"]
[TimeControl "180+1"]
[Date "2021.12.15"]
[WhiteClock "0:01:02"]
[BlackClock "0:00:04"]

1. d4 Nf6 2. c4 g6 3. Nc3 Bg7 4. e4 d6 5. f4 O-O 6. Nf3 c5 7. d5 e6 8. Be2 exd5 9. cxd5 Nbd7 10. O-O Re8 11. Nd2 c4 12. e5 dxe5 13. Nxc4 exf4 14. Bxf4 Nb6 15. Nd6 Rf8 16. a4 Ne8 17. Nde4 Bf5 18. d6 Nd7 19. a5 Bxe4 20. Nxe4 Nef6 21. Nc3 Re8 22. Kh1 a6 23. Bf3 Rb8 24. Re1 Rxe1+ 25. Qxe1 h6 26. Qe7 g5 27. Be3 g4 28. Qxd8+ Rxd8 29. Bxb7 Ne8 30. Bxa6 Nxd6 31. Be2 Rb8 32. a6 Nc8 33. a7 Nxa7 34. Rxa7 Rxb2 35. Rxd7 Bxc3 36. Bxg4 Rb1+ 37. Rd1 Rb4 38. Bf3 Kg7 39. h3 Bf6 40. Kg1 Rb3 41. Bf2 Rb4 42. Re1 Ra4 43. g3 Rb4 44. Kg2 Ra4 45. Re4 Ra2 46. Re2 Ra4 47. Be4 Rb4 48. Kf3 Ra4 49. h4 Ra3+ 50. Kg2 Ra4 51. Bd5 Rb4 52. Ra2 Rb1 53. Ra7 Rb2 54. Rxf7+ Kg6 55. h5+ Kg5 56. Kf3 Kf5 57. Rxf6+ Kxf6 58. Bd4+ Kg5 59. Bxb2 Kxh5 60. Kf4 Kg6 61. Kg4 Kh7 62. Kh5 1/2-1/2


[Site "https://www.chess.com"]

[Event "Titled Tuesday Blitz December 14 2021"]
[White "Saxar85"]
[Black "Gracia Alvarez, Gerardo Antonio"]
[BlackFideId "5109124"]
[WhiteElo "2702"]
[BlackElo "2148"]
[Result "1/2-1/2"]
[Round "07"]
[TimeControl "180+1"]
[Date "2021.12.15"]
[WhiteClock "0:00:12"]
[BlackClock "0:00:05"]

1. Nf3 d5 2. g3 Nf6 3. Bg2 Bf5 4. c4 c6 5. O-O e6 6. cxd5 exd5 7. d3 Be7 8. Qb3 Qb6 9. Qc2 h6 10. Nc3 Bh7 11. e4 dxe4 12. dxe4 Nbd7 13. Be3 Qa6 14. Rfe1 O-O 15. Rad1 Rfe8 16. Nd4 Bf8 17. f3 Qa5 18. a3 Rad8 19. Qf2 a6 20. h3 Qc7 21. Bc1 a5 22. f4 Nc5 23. e5 Qb6 24. Be3 Nfe4 25. Nxe4 Bxe4 26. Bxe4 Nxe4 27. Qg2 Nc5 28. Qc2 Rd5 29. Nf5 Red8 30. Rxd5 Rxd5 31. Nd6 Bxd6 32. exd6 Qb3 33. Re2 Qxc2 34. Rxc2 Ne4 35. Kg2 Nxd6 36. Kf3 Nf5 37. Bf2 Nd4+ 38. Bxd4 Rxd4 39. Rc5 a4 40. Ra5 Rd3+ 41. Kg4 Rb3 42. Rxa4 Rxb2 43. Ra8+ Kh7 44. h4 g6 45. h5 gxh5+ 46. Kxh5 Kg7 47. Kg4 Ra2 48. a4 b5 49. Rc8 bxa4 50. Rxc6 a3 51. Ra6 Ra1 52. Kh3 h5 53. Kg2 f6 54. Ra5 Kg6 55. Kh2 a2 56. Kg2 Kh6 57. Kh2 Kg6 58. Kg2 Kh6 59. Kh2 Kg6 1/2-1/2


[Site "https://www.chess.com"]

[Event "Titled Tuesday Blitz December 14 2021"]
[White "Seo, Jung Min"]
[Black "Ovetchkin, Roman"]
[WhiteFideId "1734687"]
[BlackFideId "4119991"]
[WhiteElo "2401"]
[BlackElo "2432"]
[Result "1/2-1/2"]
[Round "07"]
[TimeControl "180+1"]
[Date "2021.12.15"]
[WhiteClock "0:01:19"]
[BlackClock "0:00:19"]

1. d4 Nf6 2. c4 g6 3. Nc3 Bg7 4. e4 O-O 5. f3 d6 6. Be3 a6 7. Nge2 Nbd7 8. Qd2 b5 9. cxb5 axb5 10. Nxb5 c6 11. Nbc3 e5 12. Ng3 Re8 13. Be2 h5 14. O-O h4 15. Nh1 d5 16. exd5 Nxd5 17. Nxd5 cxd5 18. Rfe1 h3 19. g3 Ba6 20. Bxa6 Rxa6 21. Nf2 Qa8 22. a3 Rae6 23. Nd3 exd4 24. Bf2 Re3 25. Bxe3 dxe3 26. Qe2 d4 27. Rad1 Rb8 28. Rc1 Rb3 29. Red1 Qb7 30. Rc2 Rxd3 31. Rxd3 Ne5 32. f4 Nf3+ 33. Kf1 Nd2+ 34. Kg1 Nf3+ 35. Kf1 Nd2+ 36. Kg1 Nf3+ 1/2-1/2


[Site "https://www.chess.com"]

[Event "Titled Tuesday Blitz December 14 2021"]
[White "Shubin, Kirill"]
[Black "Le, Tuan Minh"]
[WhiteFideId "34119962"]
[BlackFideId "12401153"]
[WhiteElo "2501"]
[BlackElo "2450"]
[Result "1-0"]
[Round "07"]
[TimeControl "180+1"]
[Date "2021.12.14"]
[WhiteClock "0:00:08"]
[BlackClock "0:00:04"]

1. e4 c5 2. Nf3 Nf6 3. Nc3 d5 4. exd5 Nxd5 5. Bb5+ Bd7 6. Ne5 Nf6 7. Qf3 Qc8 8. a4 e6 9. a5 a6 10. Bxd7+ Nbxd7 11. Nc4 Be7 12. O-O O-O 13. d3 Ne8 14. Na4 Ra7 15. Bf4 Nc7 16. Nab6 Qd8 17. Rfd1 Nb5 18. c3 Nf6 19. Be5 Nc7 20. d4 Ncd5 21. dxc5 Bxc5 22. Bxf6 Qxf6 23. Nxd5 Qxf3 24. gxf3 exd5 25. Rxd5 Rc8 26. Rad1 Raa8 27. b3 h6 28. Rd7 Rab8 29. Ne5 b6 30. axb6 Rxb6 31. b4 Bf8 32. R1d3 Rb5 33. f4 a5 34. Rd8 Rbb8 35. Rxc8 Rxc8 36. bxa5 f6 37. Nd7 Be7 38. Nb6 Rc5 39. Rd7 Rxa5 40. Rxe7 Rb5 41. Re6 Rf5 42. Re4 Kf7 43. Nc4 Rc5 44. Ne3 Kg6 45. c4 f5 46. Rd4 Kh5 47. Kg2 g6 48. Rd5 Rc8 49. Rd6 Re8 50. Kg3 Re4 51. Nd5 1-0


[Site "https://www.chess.com"]

[Event "Titled Tuesday Blitz December 14 2021"]
[White "Suvorov, Alexander"]
[Black "Grigoriants, Sergey"]
[WhiteFideId "12977063"]
[BlackFideId "4130804"]
[WhiteElo "2221"]
[BlackElo "2502"]
[Result "1/2-1/2"]
[Round "07"]
[TimeControl "180+1"]
[Date "2021.12.15"]
[WhiteClock "0:00:21"]
[BlackClock "0:00:05"]

1. d4 Nf6 2. c4 g6 3. Nc3 d5 4. cxd5 Nxd5 5. e4 Nxc3 6. bxc3 Bg7 7. Bg5 c5 8. Rc1 O-O 9. Nf3 cxd4 10. cxd4 Bg4 11. d5 h6 12. Be3 e6 13. Bc4 exd5 14. Bxd5 Nc6 15. h3 Be6 16. O-O Re8 17. Qb3 Na5 18. Qb5 Bxd5 19. exd5 a6 20. Qb6 Re4 21. Rfd1 Nc4 22. Qxd8+ Rxd8 23. Bc5 Bf8 24. Bxf8 Kxf8 25. Rd3 b5 26. g3 Ne5 27. Nxe5 Rxe5 28. d6 Re6 29. Rc6 a5 30. Ra6 b4 31. Kg2 Re5 32. Ra7 Re6 33. Rxa5 Rexd6 34. Rxd6 Rxd6 35. Rb5 Rd2 36. Rxb4 Rxa2 37. Rb3 Kg7 1/2-1/2


[Site "https://www.chess.com"]

[Event "Titled Tuesday Blitz December 14 2021"]
[White "Svane, Frederik"]
[Black "Zhigalko, Sergei"]
[WhiteFideId "12923044"]
[BlackFideId "13502956"]
[WhiteElo "2459"]
[BlackElo "2662"]
[Result "1-0"]
[Round "07"]
[TimeControl "180+1"]
[Date "2021.12.14"]
[WhiteClock "0:00:09"]
[BlackClock "0:00:04"]

1. e4 c5 2. Nf3 Nc6 3. Bb5 Nf6 4. Nc3 Qc7 5. O-O Nd4 6. Re1 a6 7. Bf1 Ng4 8. g3 Nxf3+ 9. Qxf3 Ne5 10. Qe2 e6 11. d3 d6 12. Bg2 Be7 13. Be3 O-O 14. f4 Nc6 15. Qf2 Rb8 16. g4 b5 17. h4 Nd4 18. Rac1 b4 19. Bxd4 cxd4 20. Ne2 e5 21. f5 h6 22. Kh2 Rb5 23. Kh3 Ra5 24. Ng3 Rxa2 25. b3 a5 26. Re2 Bd7 27. Nh5 f6 28. Rg1 Rc8 29. Rc1 a4 30. bxa4 Rxa4 31. g5 fxg5 32. Bf3 gxh4 33. Bg4 Bg5 34. Rf1 Ra2 35. Qg2 Rxc2 36. f6 Bxg4+ 37. Qxg4 Rxe2 38. Qxe2 Qd7+ 39. Kh2 b3 40. fxg7 Qe6 41. Qf3 Be7 42. Qh3 Qxh3+ 43. Kxh3 b2 44. Rb1 Rb8 45. Kg4 Kf7 46. Kh3 Ke6 47. Rxb2 Rc8 48. Rg2 Rg8 49. Rg6+ Kf7 50. Rxh6 Re8 51. Rh8 Rg8 52. Rh7 Kg6 53. Rh8 Rxg7 54. Nxg7 Kxg7 55. Re8 Kf7 56. Rc8 Ke6 57. Kg4 Bf6 58. Rg8 Kf7 59. Rb8 Ke6 60. Rb7 Be7 61. Ra7 Bd8 62. Rh7 Bf6 63. Rh6 Kf7 64. Kf5 Bd8 65. Rh7+ Kg8 66. Rd7 Ba5 67. Kg4 Be1 68. Rxd6 Bg3 69. Rf6 Kg7 70. Rf5 Kg6 71. Rh5 Kf6 72. Rh6+ Ke7 73. Kf5 Kd7 74. Kf6 Kd6 75. Kf5+ Kc5 76. Kg4 Kb4 77. Rc6 Kb3 78. Rc4 Kb2 79. Rc5 Kb3 80. Kf3 Bf4 81. Rc8 h3 82. Rh8 h2 83. Ke2 Kc2 84. Rc8+ Kb3 85. Rh8 Kc3 86. Rc8+ Kb4 87. Rh8 Bg3 88. Rh3 Kc3 89. Kf3 Bf4 90. Ke2 Kc2 91. Rh8 Bg3 92. Rc8+ Kb3 93. Rh8 Bf4 94. Rb8+ Ka4 95. Rh8 Kb5 96. Kf3 Kc5 97. Kg2 Kd6 98. Rh5 Ke6 99. Kf3 Kf6 100. Kg4 Kg7 101. Kf5 Kg8 102. Kf6 Bg3 103. Kg5 Bf4+ 104. Kf5 Kg7 105. Rh3 Kg8 106. Kf6 1-0


[Site "https://www.chess.com"]

[Event "Titled Tuesday Blitz December 14 2021"]
[White "Svane, Rasmus"]
[Black "Nikologorskiy, Konstantin"]
[WhiteFideId "4657101"]
[BlackFideId "24111708"]
[WhiteElo "2643"]
[BlackElo "2346"]
[Result "0-1"]
[Round "07"]
[TimeControl "180+1"]
[Date "2021.12.14"]
[WhiteClock "0:00:03"]
[BlackClock "0:00:09"]

1. Nf3 Nf6 2. g3 d5 3. Bg2 c5 4. O-O e6 5. c4 Nc6 6. cxd5 exd5 7. d4 Be6 8. Nc3 c4 9. b3 Bb4 10. Bb2 cxb3 11. axb3 O-O 12. Ne5 Rc8 13. Nd3 Bxc3 14. Bxc3 Bf5 15. Bb2 Re8 16. Re1 Be4 17. f3 Bxd3 18. exd3 Qb6 19. Rxe8+ Rxe8 20. Ra4 h6 21. h3 Nh5 22. Kh2 Ne7 23. f4 Qg6 24. Qg4 a6 25. Ba3 Nf6 26. Qxg6 Nxg6 27. f5 Ne7 28. Bc5 Nxf5 29. Ra2 Re3 30. g4 Nh4 31. Rd2 Nxg2 32. Kxg2 Nd7 33. Bd6 Re6 34. Bf4 Rc6 35. Kf3 Rc3 36. b4 Rb3 37. Bd6 f6 38. Ke2 Nf8 39. Rc2 Ne6 40. Ke3 Kf7 41. Rc8 b5 42. Rc6 Ra3 43. h4 Kg6 44. Bc5 Nd8 45. Rd6 Nb7 46. Rxd5 a5 47. h5+ Kh7 48. Rd7 Nxc5 49. bxc5 b4 50. c6 Rc3 51. d5 b3 0-1


[Site "https://www.chess.com"]

[Event "Titled Tuesday Blitz December 14 2021"]
[White "Sviridov, Valery"]
[Black "Nakamura, Hikaru"]
[WhiteFideId "4120680"]
[BlackFideId "2016192"]
[WhiteElo "2454"]
[BlackElo "2884"]
[Result "0-1"]
[Round "07"]
[TimeControl "180+1"]
[Date "2021.12.14"]
[WhiteClock "0:00:58"]
[BlackClock "0:01:10"]

1. d4 f5 2. g3 Nf6 3. Bg2 g6 4. Nf3 Bg7 5. O-O O-O 6. c4 d6 7. Nc3 c6 8. b3 Qa5 9. Bb2 e5 10. dxe5 dxe5 11. e4 f4 12. Qd2 Rd8 13. Qc2 Bg4 14. a3 Bxf3 15. Bxf3 Nbd7 16. b4 Qc7 17. c5 Nf8 18. Be2 Kh8 19. Bc4 Qe7 20. Rad1 Ne6 21. Nd5 cxd5 22. exd5 Ng5 23. d6 Qd7 24. f3 fxg3 25. hxg3 Nh5 26. Qg2 Rf8 27. Rde1 Rae8 28. Kh2 e4 29. fxe4 Nf6 30. Bxf6 Rxf6 31. Bd5 Rxf1 32. Rxf1 Be5 33. Rf4 Kg7 34. Qf2 Bxf4 0-1


[Site "https://www.chess.com"]

[Event "Titled Tuesday Blitz December 14 2021"]
[White "Tanenbaum, Zachary"]
[Black "Kashefi, Amir Hosein"]
[WhiteFideId "2060850"]
[BlackFideId "12557935"]
[WhiteElo "2168"]
[BlackElo "2098"]
[Result "1-0"]
[Round "07"]
[TimeControl "180+1"]
[Date "2021.12.15"]
[WhiteClock "0:00:03"]
[BlackClock "0:00:01"]

1. e4 c5 2. Nf3 e6 3. d4 cxd4 4. Nxd4 a6 5. Bd3 Qc7 6. O-O Nc6 7. Be3 Nf6 8. Nc3 b5 9. Nxc6 dxc6 10. f4 e5 11. fxe5 Qxe5 12. Kh1 Qh5 13. Be2 Bg4 14. Rf5 Bxe2 15. Nxe2 Qg4 16. Re5+ Be7 17. Bc5 Ng8 18. Bxe7 Nxe7 19. Qd6 O-O 20. Rxe7 Qxe2 21. Qxc6 Rac8 22. Rc7 Rxc7 23. Qxc7 Qxe4 24. h3 Re8 25. Rf1 Qe6 26. b3 h6 27. Rd1 Re7 28. Qd8+ Kh7 29. Qd3+ Qe4 30. Qc3 Re6 31. Rf1 Rg6 32. Qf3 Qxc2 33. Rf2 Qc1+ 34. Kh2 Qc7+ 35. Kh1 Rf6 36. Qe4+ Rg6 37. Qf5 Qc1+ 38. Kh2 Qc7+ 39. Kg1 Kg8 40. Qe4 Qd7 41. Rf3 Re6 42. Qa8+ Re8 43. Qxa6 b4 44. Qc4 Qd1+ 45. Kh2 Qd7 46. Qxb4 Qc7+ 47. Qf4 1-0


[Site "https://www.chess.com"]

[Event "Titled Tuesday Blitz December 14 2021"]
[White "Tari, Aryan"]
[Black "Belyakov, Bogdan"]
[WhiteFideId "1510045"]
[BlackFideId "24104795"]
[WhiteElo "2656"]
[BlackElo "2407"]
[Result "1/2-1/2"]
[Round "07"]
[TimeControl "180+1"]
[Date "2021.12.14"]
[WhiteClock "0:00:04"]
[BlackClock "0:00:19"]

1. e4 e5 2. Nf3 Nc6 3. Nc3 Nf6 4. a3 d5 5. Bb5 d4 6. Ne2 Nxe4 7. d3 Nd6 8. Bxc6+ bxc6 9. Nxe5 c5 10. O-O Bb7 11. Ng3 Be7 12. Nh5 g6 13. Ng7+ Kf8 14. Bh6 Kg8 15. Nh5 Bg5 16. Bg7 gxh5 17. Bxh8 Kxh8 18. Qxh5 Qf6 19. Rae1 Rg8 20. Ng4 Qf4 21. f3 f5 22. Ne5 Bf6 23. Nf7+ Nxf7 24. Qxf7 Bh4 25. Re2 Bc6 26. Kh1 Qh6 27. Re6 Qd2 28. Rg1 Bd5 29. Qxf5 Bxe6 30. Qe5+ Rg7 31. Qxe6 Bf2 32. Qe8+ Rg8 33. Qe5+ Rg7 34. Qe8+ Rg8 35. Qe5+ Rg7 36. Qe8+ 1/2-1/2


[Site "https://www.chess.com"]

[Event "Titled Tuesday Blitz December 14 2021"]
[White "Timofeev, Artyom"]
[Black "Fawzy, Adham"]
[WhiteFideId "4140419"]
[BlackFideId "10613129"]
[WhiteElo "2628"]
[BlackElo "2508"]
[Result "1-0"]
[Round "07"]
[TimeControl "180+1"]
[Date "2021.12.14"]
[WhiteClock "0:00:41"]
[BlackClock "0:00:07"]

1. c4 c5 2. Nf3 Nc6 3. Nc3 e5 4. g3 g6 5. Bg2 Bg7 6. O-O Nge7 7. Ne1 O-O 8. Nc2 d6 9. Ne3 Be6 10. h3 Qd7 11. Kh2 a6 12. d3 Rab8 13. a4 Nd4 14. a5 f5 15. Ned5 Nxd5 16. Nxd5 Nc6 17. Bd2 Ne7 18. Nb6 Qd8 19. Rb1 Nc6 20. b4 cxb4 21. Bxb4 f4 22. Bc3 Qg5 23. Nd5 Rf7 24. e3 f3 25. Bxf3 Rbf8 26. Bg2 Rxf2 27. Rxf2 Rxf2 28. Qe1 Rf7 29. Qe2 h5 30. h4 Qg4 31. Qxg4 hxg4 32. Kg1 Bf5 33. Rd1 Bh6 34. Bf1 Be6 35. Be2 Bxd5 36. cxd5 Bxe3+ 37. Kh1 Ne7 38. Bxg4 Nxd5 39. Be1 Rf6 40. Rb1 Bc5 41. Bh3 b6 42. Bg2 Ne3 43. axb6 Nxg2 44. b7 Rf1+ 45. Kxg2 Rg1+ 46. Kh2 1-0


[Site "https://www.chess.com"]

[Event "Titled Tuesday Blitz December 14 2021"]
[White "Tologon tegin, Semetei"]
[Black "Kamsky, Gata"]
[WhiteFideId "13800574"]
[BlackFideId "2000024"]
[WhiteElo "2224"]
[BlackElo "2645"]
[Result "0-1"]
[Round "07"]
[TimeControl "180+1"]
[Date "2021.12.14"]
[WhiteClock "0:00:06"]
[BlackClock "0:00:44"]

1. e4 c5 2. Nf3 e6 3. d4 cxd4 4. Nxd4 a6 5. Nc3 b5 6. Be2 Bb7 7. Bf3 Nc6 8. O-O Nxd4 9. Qxd4 Ne7 10. Bg5 Nc6 11. Qd2 f6 12. Bf4 Bc5 13. Rad1 Ne5 14. Be2 Bc6 15. a3 O-O 16. Be3 Qb6 17. Bxc5 Qxc5 18. Qd4 Qxd4 19. Rxd4 g5 20. f3 Kf7 21. Kf2 h5 22. Ke3 h4 23. a4 bxa4 24. Nxa4 a5 25. Ra1 Rfb8 26. b3 Ke7 27. Nc3 Rc8 28. Kd2 Rcb8 29. Ra3 Rb4 30. Ke3 Rxd4 31. Kxd4 Kd6 32. Bb5 Bb7 33. Nb1 Kc7 34. Nd2 d5 35. exd5 Bxd5 36. Be2 Rd8 37. Ke3 Kb6 38. c4 Bc6 39. Nb1 Nd7 40. Nc3 Nc5 41. Na2 f5 42. g3 e5 43. Nc3 f4+ 44. gxf4 gxf4+ 45. Kf2 Rd2 46. Ke1 Rb2 47. Nd5+ Bxd5 48. cxd5 Nxb3 49. d6 Nd4 50. Bc4 Nc2+ 51. Kf1 Nxa3 52. d7 Kc7 0-1


[Site "https://www.chess.com"]

[Event "Titled Tuesday Blitz December 14 2021"]
[White "Turner, Max N"]
[Black "Martinovici, Ilia"]
[WhiteFideId "447722"]
[BlackFideId "13907034"]
[WhiteElo "2078"]
[BlackElo "2303"]
[Result "1-0"]
[Round "07"]
[TimeControl "180+1"]
[Date "2021.12.15"]
[WhiteClock "0:00:07"]
[BlackClock "0:00:10"]

1. d4 d5 2. c4 c6 3. Nf3 Nf6 4. e3 Bg4 5. h3 Bxf3 6. Qxf3 e6 7. Nc3 Bb4 8. Bd2 Nbd7 9. Bd3 O-O 10. O-O-O e5 11. cxd5 exd4 12. exd4 Bxc3 13. Bxc3 Nxd5 14. Rhe1 N7f6 15. g4 Nxc3 16. bxc3 Qa5 17. Kb2 b5 18. Qf5 Qd8 19. g5 b4 20. gxf6 bxc3+ 21. Kxc3 g6 22. Qg5 c5 23. d5 Qa5+ 24. Kc2 Qxa2+ 25. Kc3 Rab8 26. Rb1 Qa3+ 27. Kd2 Qa5+ 28. Ke2 Qc3 29. Be4 Rbe8 30. f3 c4 31. Rbc1 Qb2+ 32. Kf1 a5 33. Rc2 Qd4 34. Rd2 Qc3 35. d6 Re6 36. d7 Rd8 37. Rc2 Qd4 38. Rd2 Qc3 39. Red1 Rxf6 40. Kg2 Kg7 41. Rd6 Rxd6 42. Rxd6 Qb2+ 43. Rd2 Qf6 44. Qxf6+ Kxf6 45. Bc6 Ke7 46. Re2+ Kd6 47. Ba4 Kc5 48. Re8 Rxd7 49. Bxd7 c3 50. Rc8+ Kb4 51. Bc6 c2 52. Be4 c1=Q 53. Rxc1 a4 54. Bd5 a3 55. Bxf7 g5 56. Bg8 h5 57. Kg3 h4+ 58. Kg4 a2 59. Bxa2 Ka3 60. Be6 Kb2 61. Re1 1-0


[Site "https://www.chess.com"]

[Event "Titled Tuesday Blitz December 14 2021"]
[White "Weetik, Vjacheslav"]
[Black "Lazavik, Denis"]
[WhiteFideId "4153472"]
[BlackFideId "13515110"]
[WhiteElo "2469"]
[BlackElo "2436"]
[Result "1/2-1/2"]
[Round "07"]
[TimeControl "180+1"]
[Date "2021.12.14"]
[WhiteClock "0:00:12"]
[BlackClock "0:00:07"]

1. e4 e5 2. Nf3 Nc6 3. Nc3 Nf6 4. Bb5 Nd4 5. Bc4 Bc5 6. Nxe5 Qe7 7. Nf3 d5 8. Bxd5 Bg4 9. d3 O-O-O 10. Be3 Rhe8 11. Bb3 Bxf3 12. gxf3 Nh5 13. Kd2 f5 14. Kc1 Qh4 15. Bf7 Rf8 16. Bxh5 Qxh5 17. f4 Qh4 18. Kb1 Ne6 19. Qf3 Bd6 20. e5 Be7 21. a3 Kb8 22. Ka2 h6 23. Nd5 Bc5 24. c3 c6 25. Nb4 g5 26. d4 Be7 27. fxg5 hxg5 28. Rad1 Qh6 29. d5 cxd5 30. Rxd5 Nc7 31. Ra5 Qe6+ 32. Ka1 a6 33. Rc1 f4 34. Bc5 g4 35. Qe4 Bxc5 36. Rxc5 Nb5 37. Rd5 Nc7 38. Rxd8+ Rxd8 39. Qxf4 a5 40. Nc2 Nb5 41. Nd4 Qc4 42. e6+ Ka8 43. e7 Re8 44. Qe5 Nxd4 45. Qxa5+ Kb8 46. Qe5+ Ka8 47. Qxd4 Qxd4 48. cxd4 Rxe7 49. Rc8+ Ka7 50. Rg8 Re4 51. d5 Kb6 52. Rg6+ Kc5 53. d6 Kc6 54. Ka2 Rf4 55. a4 Rxa4+ 56. Kb3 Rf4 57. Kc3 Rxf2 58. Rxg4 Rxh2 59. Rg6 Rh5 60. b4 Rd5 61. Kc4 Rxd6 62. Rxd6+ Kxd6 63. Kb5 Kc7 64. Kc5 b6+ 65. Kd5 b5 66. Kc5 Kb8 67. Kb6 Kc8 68. Ka6 Kb8 69. Kxb5 Kb7 70. Kc5 Kc7 71. b5 Kb7 72. Kc4 Kc7 73. Kb4 Kb7 74. Kc5 Kc7 75. b6+ Kb7 76. Kb5 Kb8 77. Kc6 Kc8 78. Kc5 Kb7 79. Kb5 Kb8 80. Ka6 Ka8 81. b7+ Kb8 82. Kb6 1/2-1/2


[Site "https://www.chess.com"]

[Event "Titled Tuesday Blitz December 14 2021"]
[White "Weishaeutel, Moritz"]
[Black "Degtiarev, Evgeny"]
[WhiteFideId "12967300"]
[BlackFideId "4149610"]
[WhiteElo "2002"]
[BlackElo "2218"]
[Result "1/2-1/2"]
[Round "07"]
[TimeControl "180+1"]
[Date "2021.12.15"]
[WhiteClock "0:00:13"]
[BlackClock "0:00:05"]

1. e4 e5 2. Nf3 Nc6 3. Nc3 Nf6 4. a3 d5 5. Bb5 Nxe4 6. Qe2 Qd6 7. Nxe4 dxe4 8. Qxe4 Bd7 9. d4 O-O-O 10. dxe5 Nxe5 11. Bxd7+ Nxd7 12. O-O Nf6 13. Qa4 a6 14. Bf4 Qd7 15. Qc4 Bd6 16. Rad1 Qe6 17. Qxe6+ fxe6 18. Ne5 Bxe5 19. Bxe5 Rd7 20. Rxd7 Kxd7 21. Rd1+ Kc6 22. f3 Rg8 23. Kf2 Nd7 24. Bc3 b6 25. Ke3 a5 26. Rd4 Nf6 27. Rc4+ Kd7 28. Bxf6 gxf6 29. g3 c5 30. Rh4 Rg7 31. Rh6 f5 32. Kf4 Kd6 33. c4 Rb7 34. a4 Rg7 35. h3 Re7 36. g4 fxg4 37. hxg4 Rf7+ 38. Ke4 Rg7 39. Kf4 Rf7+ 40. Ke4 Rg7 41. Rh1 Ke7 42. Ke5 Rg5+ 43. Kf4 Rg7 44. g5 Rf7+ 45. Ke4 Rg7 46. f4 Rf7 47. Rh6 Kd6 48. Rh2 Ke7 49. Rh6 Kd7 50. Rh1 Ke7 51. Rd1 Rf8 52. Rd3 Rf7 53. Rb3 h5 54. gxh6 Rh7 55. Rxb6 Rxh6 56. Ra6 Rh2 57. Rxa5 Rxb2 58. Rxc5 Rb4 59. a5 Ra4 60. Ke5 Kd7 61. f5 exf5 62. Kd5 f4 63. Ke4 f3 64. Kxf3 Kd6 65. Rd5+ Kc6 66. Rd4 Rxa5 67. Ke4 Ra3 68. Rd8 Ra4 69. Kd4 Kc7 70. Rh8 Ra6 71. Rh7+ Kb8 72. Kc5 Rg6 73. Kb5 Rg5+ 74. c5 Rg1 75. Kb6 Rb1+ 76. Kc6 Rg1 77. Rh8+ Ka7 78. Kc7 Rg7+ 79. Kc6 Rg6+ 80. Kb5 Kb7 81. c6+ Rxc6 82. Rh7+ Rc7 83. Rh6 Rd7 84. Rb6+ Kc7 85. Rc6+ Kb7 86. Rc1 Rd5+ 87. Kc4 Rd7 88. Rb1+ Kc7 89. Kc5 Rd6 90. Rh1 Rc6+ 91. Kd5 Rd6+ 92. Ke5 Rd7 93. Rc1+ Kb6 94. Rb1+ Kc5 95. Ke6 Rd6+ 96. Ke7 Rd2 97. Rc1+ Kd4 98. Kd6 Kd3 1/2-1/2


[Site "https://www.chess.com"]

[Event "Titled Tuesday Blitz December 14 2021"]
[White "Xiong, Jeffery"]
[Black "Donchenko, Alexander"]
[WhiteFideId "2047640"]
[BlackFideId "24603295"]
[WhiteElo "2727"]
[BlackElo "2494"]
[Result "1-0"]
[Round "07"]
[TimeControl "180+1"]
[Date "2021.12.14"]
[WhiteClock "0:00:19"]
[BlackClock "0:00:01"]

1. d4 Nf6 2. c4 e6 3. Nc3 Bb4 4. Nf3 d5 5. Qa4+ Nc6 6. Bd2 O-O 7. a3 Bxc3 8. Bxc3 Bd7 9. Qb3 b6 10. e3 Na5 11. Bxa5 bxa5 12. c5 a4 13. Qc2 Qe8 14. Ne5 Bb5 15. c6 Bxf1 16. Rxf1 Qb8 17. f3 Qb5 18. Rc1 Rfb8 19. Rf2 Ne8 20. Qc5 Nd6 21. Nd7 Re8 22. Qxb5 Nxb5 23. Nc5 e5 24. dxe5 Rxe5 25. Re2 Rae8 26. Kf2 Nd4 27. Ree1 Nf5 28. Na6 R8e7 29. Rc5 Nxe3 30. Nxc7 Ng4+ 31. fxg4 Rxe1 32. Nxd5 R7e2+ 33. Kf3 Re8 34. Ra5 R1e5 35. c7 Rc8 36. Nb6 Rxa5 37. Nxc8 1-0


[Site "https://www.chess.com"]

[Event "Titled Tuesday Blitz December 14 2021"]
[White "Yedidia, Daniel"]
[Black "Forgas Moreno, Yaniela"]
[WhiteFideId "30905907"]
[BlackFideId "3508072"]
[WhiteElo "2530"]
[BlackElo "2108"]
[Result "1-0"]
[Round "07"]
[TimeControl "180+1"]
[Date "2021.12.15"]
[WhiteClock "0:00:07"]
[BlackClock "0:00:00"]

1. d4 f5 2. g3 Nf6 3. Bg2 g6 4. Nh3 d6 5. O-O Bg7 6. Nd2 O-O 7. c3 c6 8. e4 e5 9. dxe5 dxe5 10. Re1 Qc7 11. Qb3+ Kh8 12. exf5 gxf5 13. Nf3 e4 14. Nfg5 Nd5 15. c4 Nb6 16. Nf4 Qe7 17. h4 Na6 18. Be3 Nc7 19. Rad1 Nd7 20. Rd2 Ne5 21. Red1 h6 22. Ngh3 Ne6 23. Rd6 Kh7 24. Qc2 Nxf4 25. Nxf4 Nd3 26. c5 Nxf4 27. Bxf4 Be6 28. b3 Rad8 29. Qe2 Bd5 30. Qh5 Rf6 31. Bh3 Rdxd6 32. Bxf5+ Kg8 33. cxd6 Qf8 34. d7 Rxf5 35. Qxf5 Qxf5 36. d8=Q+ Kh7 37. Rxd5 Qxd5 38. Qd6 Qxd6 39. Bxd6 Bd4 40. Kf1 a6 41. Bf4 Kg6 42. Ke2 h5 43. f3 Kf5 44. fxe4+ Kxe4 45. Bg5 Be5 46. Kf2 b5 47. Be7 Kd3 48. Kf3 Kc3 49. g4 hxg4+ 50. Kxg4 Kb2 51. h5 Kxa2 52. h6 Kxb3 53. h7 Bh8 54. Kf5 a5 55. Bf6 Bxf6 56. Kxf6 a4 57. h8=Q a3 58. Ke6 a2 59. Qa1 c5 60. Kd5 c4 61. Kd4 b4 62. Qd1+ Kb2 63. Qd2+ Kb3 64. Qc1 c3 65. Kd3 Ka4 66. Kc4 b3 67. Qxc3 Ka3 68. Qc1+ b2 69. Qc3+ 1-0


[Site "https://www.chess.com"]